 Dungeon Crawl Stone Soup version 0.30.1-11-g7821555f0a (webtiles) character file.

Game seed: 16850065219275391812

11 BiteMe the Firebug (level 2, 19/19 HPs)
             Began as a Demonspawn Fire Elementalist on Dec 30, 2023.
             Got out of the dungeon alive.
             The game lasted 00:01:41 (249 turns).

BiteMe the Firebug (Demonspawn Fire Elementalist)    Turns: 249, Time: 00:01:42

Health: 19/19      AC:  2    Str:  8    XL:     2   Next: 13%
Magic:  3/5        EV: 12    Int: 16    God:
Gold:   32         SH:  0    Dex: 13    Spells: 4/5 levels left

rFire   . . .        (no weapon)
rCold   . . .        (no shield)
rNeg    . . .        a - +0 robe
rPois   .            (no helmet)
rElec   .            (no cloak)
rCorr   .            (no gloves)
SInv    .            (no boots)
Will    .....        (no amulet)
Stlth   ++           (no ring)
HPRegen 0.23/turn    (no ring)
MPRegen 0.09/turn

%: no passive effects
@: no status effects
A: claws 1
a: no special abilities


You escaped.
You visited 1 branch of the dungeon, and saw 2 of its levels.

You collected 32 gold pieces.

Inventory:

Armour
 a - a +0 robe (worn)
Scrolls
 c - a scroll of identify {unknown}
Potions
 b - a potion of magic


   Skills:
 - Level 1.8 Dodging
 - Level 1.7 Stealth
 + Level 2.1 Spellcasting
 * Level 1.3 Conjurations
 + Level 3.0 Fire Magic


You had 4 spell levels left.
You knew the following spells:

 Your Spells              Type           Power      Damage    Failure   Level
a - Foxfire               Conj/Fire      32%        2x1d5     9%          1

Your spell library contained the following spells:

 Spells                   Type           Power      Damage    Failure   Level
 Scorch                   Fire           22%        2d5       9%          2
 Inner Flame              Hex/Fire       6%         N/A       32%         3
 Volatile Blastmotes      Fire/Tloc      12%        2d11      32%         3
 Flame Wave               Conj/Fire      8%         2d5       63%         4


Dungeon Overview and Level Annotations

Branches:
Dungeon (2/15)

Altars:


Innate Abilities, Weirdness & Mutations

You have sharp fingernails.


Message History

Done waiting.
There is an empty arch of ancient stone here.
Found a stone staircase leading down.
There is a stone staircase leading down here.
There is a stone staircase leading down here.
You climb downwards.
Found a whip and a leather armour.
Found a stone staircase leading up.
There is a stone staircase leading up here.
Casting: Foxfire (safe; 10% risk of failure)
Press: ? - help, Q - select action Dir - look around, f - activate You conjure some foxfire!
Casting: Foxfire (safe; 10% risk of failure)
Press: ? - help, Q - select action Dir - look around, f - activate You conjure some foxfire!
The foxfire hits the adder.
The adder is lightly wounded.
The adder hisses angrily.
The foxfire hits the adder.
The adder is moderately wounded.
Casting: Foxfire (safe; 10% risk of failure)
Press: ? - help, Q - select action Dir - look around, f - activate You conjure some foxfire!
The foxfire hits the adder.
The adder is moderately wounded.
The foxfire hits the adder.
The adder is severely wounded.
The foxfire hits the adder.
You kill the adder!
Your Fire Magic skill increases to level 3!
You have reached level 2!
Your demonic ancestry asserts itself...
Your fingernails lengthen.
Unknown command.
Your foxfire dissipates!
You climb upwards.
There is a stone staircase leading down here.
There is an empty arch of ancient stone here.
There is a staircase leading out of the dungeon here.
Are you sure you want to leave the Dungeon?
This will make you lose the game!
You have escaped!

###########
##.♣....♣..##
#...........## ..
#♣..♣......@.### ..
#.............≈# ..
#..............#
..###♣..............♣
#∩#................♣
#....(.⌠.....♣.....#
##...............#∩##
#................∩.#
#♣...............###


There were no monsters in sight!

Vanquished Creatures
  An adder (D:2)
  A giant cockroach (D:1)
  A rat (D:1)
3 creatures vanquished.

Vanquished Creatures (others)
  10 foxfires
10 creatures vanquished.

Grand Total: 13 creatures vanquished

Notes
Turn   | Place    | Note
-------+----------+-------------------------------------------
     0 | D:1      | BiteMe the Demonspawn Fire Elementalist began the quest for
                  | the Orb.
     0 | D:1      | Reached XP level 1. HP: 13/13 MP: 3/3
   220 | D:2      | Reached skill level 3 in Fire Magic
   220 | D:2      | Gained mutation: You have sharp fingernails. [demonic
                  | ancestry]
   220 | D:2      | Reached XP level 2. HP: 19/19 MP: 0/5
   249 | D:$      | Got out of the dungeon alive.

Illustrated notes

Levels and vault maps discovered:
D:1:      nzn_arrival_settlement, layout_loops_cross, serial_shops,
          nicolae_shop_back_alley_shop
D:2:      layout_rooms, ebering_ecumenical_altar_abandoned

Skill      XL: |  1 |
---------------+----+-----
Fire Magic     | 3 |  3.0
Dodging        | |  1.8
Stealth        | |  1.7
Spellcasting   | |  2.1
Conjurations   | |  1.3

Action                     || total
---------------------------++-------
   Cast: Foxfire           ||     6
